 Dungeon Crawl Stone Soup version 0.24-a0-415-g6d73c25c48 (webtiles) character file.

Game seed: 12182376380372580328

225409 Gumption the Severer (level 18, -11/168 HPs)
             Began as a Deep Dwarf Fighter on June 7, 2019.
             Was the Champion of Makhleb.
             Killed from afar by a deep elf high priest (22 damage)
             ... with damnation
             ... on level 1 of the Elven Halls on June 8, 2019.
             The game lasted 05:02:03 (33159 turns).

Gumption the Severer (Deep Dwarf Fighter)          Turns: 33159, Time: 05:02:03

Health: -11/168    AC: 33    Str: 27    XL:     18   Next: 18%
Magic:  8/8 (17)   EV: 11    Int: 12    God:    Makhleb [******]
Gold:   3325       SH: 23    Dex: 14    Spells: 17/17 levels left

rFire    + + .     SeeInvis +   a - +5 broad axe (elec)
rCold    . . .     Gourm    .   f - +1 large shield
rNeg     + + .     Faith    .   D - +8 pearl dragon scales of the Pit {rF+ rN+}
rPois    +         Spirit   .   p - +2 helmet {SInv}
rElec    +         Reflect  .   W - +0 cloak
rCorr    .         Harm     .   M - +3 pair of gauntlets of War {Slay+5}
MR       +++..                  (no boots)
Stlth    ..........             A - amulet "Bojoas" {MR+ Regen+ Str+4}
HPRegen  0.00/turn              N - +3 ring of evasion
MPRegen  0.11/turn              g - ring of Aveloowuth {+Fly rElec rPois rF+ MP-9}

@: very slightly contaminated, non-regenerating
A: damage resistance, heal wounds, negative energy resistance 1, sense
surroundings 3, no regeneration
}: 2/15 runes: barnacled, gossamer
a: Heal Wounds, Minor Destruction, Lesser Servant of Makhleb, Major Destruction,
Greater Servant of Makhleb, Renounce Religion, Evoke Flight


You were on level 1 of the Elven Halls.
You worshipped Makhleb.
Makhleb was exalted by your worship.
You were not hungry.

You visited 8 branches of the dungeon, and saw 34 of its levels.
You also visited: Sewer, Bailey and Gauntlet.

You collected 4350 gold pieces.
You spent 1025 gold pieces at shops.

Inventory:

Hand Weapons
 a - a +5 broad axe of electrocution (weapon)
 b - a +0 fustibalus of flaming
Missiles
 m - 12 throwing nets
 r - 13 silver boomerangs (quivered)
 t - 77 sling bullets
Armour
 f - a +1 large shield (worn)
 l - a +1 plate armour of magic resistance
 p - a +2 helmet of see invisible (worn)
 D - the +8 pearl dragon scales of the Pit (worn) {rF+ rN+}
   (You found it in a Gauntlet)

   It protects you from fire.
   It protects you from negative energy.
 M - the +3 pair of gauntlets of War (worn) {Slay+5}
   (You acquired it on level 3 of the Spider Nest)

   It affects your accuracy and damage with ranged weapons and melee attacks
   (+5).
 W - a +0 cloak (worn)
Jewellery
 g - the ring of Aveloowuth (right hand) {+Fly rElec rPois rF+ MP-9}
   (You found it in a Gauntlet)

   [ring of flight]

   It protects you from fire.
   It insulates you from electricity.
   It protects you from poison.
   It affects your magic capacity (-9).
   It lets you fly.
 u - an uncursed ring of protection from fire
 z - an uncursed ring of protection from magic
 A - the amulet "Bojoas" (around neck) {MR+ Regen+ Str+4}
   (You found it on level 4 of the Shoals)

   [amulet of regeneration]

   It affects your strength (+4).
   It affects your resistance to hostile enchantments.
   It increases your rate of regeneration.
 C - an uncursed ring of ice
 F - an uncursed ring of resist corrosion
 N - a +3 ring of evasion (left hand)
Wands
 G - a wand of acid (15)
 K - a wand of enslavement (24)
 U - a wand of clouds (3)
 V - a wand of digging (4)
 Y - a wand of iceblast (35)
 Z - a wand of paralysis (14)
Scrolls
 c - 15 scrolls of remove curse
 h - 7 scrolls of magic mapping
 i - 13 scrolls of teleportation
 q - 2 scrolls of blinking
 y - a scroll of summoning
 J - 2 scrolls of silence
 R - 2 scrolls of fear
 T - 3 scrolls of identify
 X - 3 scrolls of fog
Potions
 d - 3 potions of might
 j - 6 potions of ambrosia
 o - 9 potions of agility
 s - 11 potions of heal wounds
 v - 8 potions of curing
 w - 2 potions of resistance
 x - 5 potions of brilliance
 B - 6 potions of mutation
 E - a potion of haste
 H - a potion of magic
 I - a potion of invisibility
 L - a potion of berserk rage
 O - 6 potions of flight
 Q - 2 potions of cancellation
Miscellaneous
 k - a lamp of fire
Comestibles
 e - 72 rations
 n - a chunk of flesh


   Skills:
 + Level 12.1 Fighting
 - Level 18.0 Axes
 + Level 11.6 Slings
 + Level 12.5 Armour
 * Level 17.6 Shields
 - Level 15.0 Invocations
 - Level 8.0 Evocations


You had 17 spell levels left.
You didn't know any spells.
Your spell library contained the following spells:

 Spells                   Type           Power        Failure   Level  Hunger
 Corona                   Hex            #......      88%         1    ##.....
 Magic Dart               Conj           #...         88%         1    ##.....
 Sting                    Conj/Pois      #...         88%         1    ##.....
 Summon Small Mammal      Summ           #...         88%         1    ##.....
 Blink                    Tloc           N/A          95%         2    ###....
 Call Imp                 Summ           #.......     95%         2    ###....
 Ensorcelled Hibernation  Hex/Ice        #.....       95%         2    ###....
 Poisonous Vapours        Pois/Air       #.....       95%         2    ###....
 Slow                     Hex            #.......     95%         2    ###....
 Call Canine Familiar     Summ           #.......     99%         3    ####...
 Confuse                  Hex            #.......     99%         3    ####...
 Conjure Flame            Conj/Fire      #.......     99%         3    ####...
 Dazzling Spray           Conj/Hex       #.....       99%         3    ####...
 Mephitic Cloud           Conj/Pois/Air  #.......     99%         3    ####...
 Summon Guardian Golem    Hex/Summ       #.......     99%         3    ####...
 Tukima's Dance           Hex            #.......     99%         3    ####...
 Olgreb's Toxic Radiance  Pois           #.......     100%        4    #####..
 Summon Ice Beast         Ice/Summ       #.......     100%        4    #####..
 Summon Lightning Spire   Summ/Air       #.......     100%        4    #####..
 Venom Bolt               Conj/Pois      #.........   100%        5    ######.
 Freezing Cloud           Conj/Ice/Air   #.........   100%        6    #######
 Ring of Flames           Chrm/Fire      #.........   100%        7    #######


Dungeon Overview and Level Annotations

Branches:
Dungeon (15/15)            Temple (1/1) D:4            Lair (6/6) D:10
 Shoals (4/4) Lair:2       Spider (4/4) Lair:3        Slime (0/5) Lair:5
    Orc (2/2) D:11            Elf (1/3) Orc:2        Vaults (0/5) D:14
 Depths (1/5) D:15

Altars:
Ashenzari
Cheibriados
Dithmenos
Elyvilon
Fedhas
Gozag
Hepliaklqana
Kikubaaqudgha
Makhleb
Nemelex Xobeh
Okawaru
Qazlal
Ru
Sif Muna
Trog
Uskayaw
Vehumet
Wu Jian
Xom
Yredelemnul
Zin
The Shining One
Beogh

Shops:
D:11 (   D:12 =   Orc:2 *[:(   Elf:1 =(%=

Portals:
Trove: D:11 (lose all piety)

Annotations:
D:9 exclusion: door
Lair:2 exclusion: door
Lair:6 2 transporters, firegrace's ghost, journeyman MiBe
Shoals:3 3 runed translucent doors, Jaor's ghost, adept OpEE
Spider:2 1 runed translucent door, Sinomafy's ghost, journeyman GnWn


Innate Abilities, Weirdness & Mutations

You are resistant to damage.
You can heal yourself by infusing magical energy.
You resist negative energy. (rN+)
You passively map a large area around you.
You do not regenerate.


Message History

The shard of ice hits you!!!
* * * LOW HITPOINT WARNING * * *
The orange demon stings you but does no damage.
The deep elf demonologist gestures wildly while chanting.
The deep elf demonologist casts a spell.
The deep elf high priest prays to its god.
The corpses begin to drag themselves along the ground! 2 crawling corpses come into view.
Blink to where?
Press: ? - help, Dir - move target cursor You are very lightly contaminated with residual magic.
As you read the scroll of blinking, it crumbles to dust.
The deep elf knight drinks a potion.
The deep elf knight is healed!
The deep elf mage mumbles some strange words.
The deep elf knight is empowered by the deep elf high priest's aura!
The orc sorcerer is empowered by the deep elf high priest's aura!
The crawling corpse moves out of view.
The deep elf high priest mumbles some strange prayers to its god against you.
The sphere of damnation explodes!
The damnation engulfs you!!
You die...

* ....oY.e8* #♣.^.
++#Ge#e4### #♣..#.
*....e.Y§4x# #♣.....
####eeo...+ ,
#♣....∩. ##e..###
*#♣....... #x###
###........ #.#
#...#.∩..#. #.#
#.#........ #@#
##.#♣....... #.#
##.###♣....∩. #.#
##.## #♣..)..
#'###.## #♣..#.
##.##.## ####♣)))
##...'#######..###.#
#.....'..>..'....)..
##...########....)..
##..# ##.....#


You could see an orange demon, 4 deep elf knights, a deep elf high priest, a
deep elf mage, an orc sorcerer, an ice beast and a crawling corpse.

Vanquished Creatures
  Arachne (Spider:4)
  Rupert (D:12)
  Kirke (Shoals:3)
  A fire giant (D:14)
  A frost giant (D:14)
  An orc warlord (Orc:2)
  Louise (D:14)
  2 emperor scorpions
  3 ghost moths (Spider:4)
  Nessos (D:14)
  An entropy weaver (Spider:2)
  A deep elf demonologist (Elf:1)
  A minotaur (Gauntlet)
  3 spark wasps (Spider:4)
  A deep elf annihilator (Elf:1)
  3 merfolk javelineers
  Snorg (Lair:4)
  10 merfolk impalers
  A yaktaur captain (D:15)
  A jiangshi (D:15)
  Harold (D:11)
  An ice dragon (Lair:6)
  4 hydras
  5 merfolk avatars
  A catoblepas (Lair:3)
  Erica (D:9)
  2 satyrs
  4 dancing weapons (Elf:1)
  2 centaur warriors
  2 alligator snapping turtles
  2 merfolk aquamancers
  6 two-headed ogres
  5 orc high priests
  Urug (Lair:3)
  Sonja (Lair:1)
  2 unseen horrors
  A flayed ghost (D:14)
  9 sea snakes
  An obsidian statue (Gauntlet)
  2 lindwurms (Lair:6)
  A wolf spider zombie (D:15)
  Pikel (D:8)
  5 orc knights
  A phantasmal warrior (D:14)
  15 harpies
  14 orb spiders
  11 deep elf magi
  21 wolf spiders
  3 ugly things
  14 manticores
  A worldbinder (Gauntlet)
  5 orc sorcerers
  11 cyclopes
  Maurice (D:10)
  An ice statue (Gauntlet)
  9 fauns
  13 merfolk sirens
  3 black mambas
  2 moths of wrath
  8 elephants (Lair:6)
  15 water nymphs
  A black mamba (shapeshifter) (D:15)
  5 centaur skeletons
  A minotaur zombie (Gauntlet)
  8 spiny frogs
  8 torpor snails
  4 komodo dragons
  2 rime drakes
  2 efreet
  2 freezing wraiths (D:15)
  A yaktaur (Depths:1)
  3 demonic crawlers
  A tengu conjurer (D:13)
  38 jumping spiders
  11 hornets
  A polar bear (Lair:6)
  26 merfolk
  A hornet (shapeshifter) (D:12)
  6 trolls
  The ghost of kaisn the Shield-Bearer, an amateur FoFi (D:3)
  18 blink frogs
  5 wind drakes
  A slime creature (D:14)
  3 tyrant leeches (Lair:6)
  14 snapping turtles
  13 dream sheep
  11 hippogriffs
  3 air elementals (Elf:1)
  50 redbacks
  A shadow (D:11)
  A vampire (D:14)
  21 tarantellas
  5 wyverns
  50 yaks
  11 water elementals
  A centaur simulacrum (D:14)
  16 humans (D:14)
  A wraith (D:14)
  3 hogs (Shoals:3)
  5 basilisks
  Grum (D:9)
  2 hungry ghosts
  6 vampire mosquitoes
  A soldier ant (D:15)
  2 wargs (D:10)
  13 water moccasins
  An acid dragon (D:14)
  6 porcupines
  42 orc warriors
  3 ice beasts
  4 sky beasts
  A necrophage (D:8)
  2 black bears (D:8)
  13 ogres
  An eye of draining (D:15)
  5 boggarts
  2 phantoms
  9 centaurs
  9 wolves
  11 crocodiles
  3 big kobolds
  3 earth elementals (Elf:1)
  20 bullfrogs
  A wyvern skeleton (D:10)
  3 scorpions
  3 killer bees (D:9)
  A vampire bat (D:2)
  5 electric eels
  4 wights (D:14)
  9 howler monkeys
  8 crimson imps
  3 centaur zombies
  21 jellies
  8 hounds
  2 quasits
  28 orc priests
  4 bullfrog skeletons
  34 orc wizards
  A gnoll shaman (D:6)
  4 iguanas
  10 worker ants
  A hound skeleton (D:5)
  2 worker ant zombies
  20 adders
  39 gnolls
  A howler monkey skeleton (D:11)
  3 river rats (Sewer)
  6 shadow imps
  6 oozes
  2 adder zombies
  An adder skeleton (D:9)
  A worm (D:1)
  4 dart slugs
  13 leopard geckos
  103 orcs
  8 ball pythons
  5 bat skeletons (D:2)
  5 giant cockroaches
  8 goblins
  13 hobgoblins
  23 jackals
  4 quokkas
  10 bats
  4 frilled lizards
  A jackal skeleton (D:4)
  A jackal zombie (D:8)
  40 kobolds
  A leopard gecko skeleton (D:7)
  A quokka skeleton (D:4)
  29 rats
  6 fungi
  19 plants
1288 creatures vanquished.

Vanquished Creatures (collateral kills)
  Donald (Shoals:2)
  A merfolk javelineer (Shoals:4)
  A merfolk aquamancer (Shoals:2)
  A merfolk avatar (Shoals:2)
  A merfolk siren (Shoals:2)
  A snapping turtle (Shoals:2)
  3 water elementals (Shoals:2)
  5 orc warriors
  An ice beast (D:7)
  3 killer bees (D:9)
  An adder (D:7)
  2 orcs (Bailey)
21 creatures vanquished.

Vanquished Creatures (others)
  Fannar (D:10)
  A centaur warrior (D:12)
  A hornet (Spider:3)
  A wyvern (D:12)
  A boggart (D:14)
  A worker ant (D:8)
  A bush (Shoals:2)
  5 demonic plants (Gauntlet)
  6 fungi
  5 plants
23 creatures vanquished.

Grand Total: 1332 creatures vanquished

Notes
Turn   | Place    | Note
-------+----------+-------------------------------------------
     0 | D:1      | Gumption the Deep Dwarf Fighter began the quest for the
                  | Orb.
     0 | D:1      | Reached XP level 1. HP: 20/20 MP: 1/1
   166 | D:1      | Reached XP level 2. HP: 27/27 MP: 2/2
   697 | D:1      | Reached XP level 3. HP: 25/33 MP: 3/3
   870 | D:1      | Reached skill level 3 in Axes
   939 | D:2      | Found a burning altar of Makhleb.
   947 | D:2      | Became a worshipper of Makhleb the Destroyer
  1072 | D:2      | Reached XP level 4. HP: 38/42 MP: 4/4
  1569 | D:2      | Reached * piety under Makhleb
  1717 | D:2      | Found an ancient bone altar of Kikubaaqudgha.
  1738 | D:2      | Reached XP level 5. HP: 40/49 MP: 5/5
  2629 | D:3      | Found a runed translucent gate.
  2629 | D:3      | Found a runed translucent gate.
  2630 | D:3      | Found a runed translucent gate.
  2633 | D:3      | Found a roughly hewn altar of Beogh.
  2633 | D:3      | Identified the +3 scale mail "Qaalal" {rCorr MP+9 Dex+3}
  2640 | D:3      | Noticed kaisn's ghost (amateur FoFi)
  2678 | D:4      | Found a glowing drain.
  2714 | Sewer    | Entered a sewer
  2740 | Sewer    | Reached skill level 4 in Axes
  2859 | Sewer    | Reached ** piety under Makhleb
  2988 | Sewer    | Reached skill level 5 in Shields
  3339 | D:4      | Reached XP level 6. HP: 48/56 MP: 6/6
  3387 | D:4      | Found a staircase to the Ecumenical Temple.
  3404 | D:4      | Reached *** piety under Makhleb
  3404 | D:4      | Reached skill level 1 in Invocations
  3439 | Temple   | Entered the Ecumenical Temple
  4097 | D:3      | Killed kaisn's ghost
  4097 | D:3      | Reached skill level 5 in Axes
  4097 | D:3      | Reached XP level 7. HP: 42/63 MP: 6/8
  4456 | D:5      | Entered Level 5 of the Dungeon
  4520 | D:5      | Found an ornate altar of the Wu Jian Council.
  4522 | D:5      | Found an ancient bone altar of Kikubaaqudgha.
  4522 | D:5      | Found an opulent altar of Gozag.
  4524 | D:5      | Found a shimmering altar of Xom.
  4524 | D:5      | Found a white marble altar of Elyvilon.
  4524 | D:5      | Found a radiant altar of Vehumet.
  4916 | D:5      | Reached skill level 5 in Armour
  5390 | D:6      | Reached skill level 6 in Axes
  5390 | D:6      | Reached XP level 8. HP: 14/73 MP: 9/9
  5398 | D:6      | Reached **** piety under Makhleb
  5610 | D:6      | Reached skill level 7 in Axes
  5726 | D:6      | Found a shadowy altar of Dithmenos.
  5786 | D:6      | Found an ornate altar of the Wu Jian Council.
  5902 | D:6      | Reached skill level 5 in Fighting
  6262 | D:6      | Gained mutation: You passively map the area around you.
                  | [Deep Dwarf growth]
  6262 | D:6      | Reached XP level 9. HP: 77/81 MP: 10/10
  6267 | D:6      | Reached ***** piety under Makhleb
  6836 | D:7      | Reached skill level 8 in Axes
  7854 | D:8      | Reached skill level 9 in Axes
  8269 | D:8      | Reached XP level 10. HP: 91/91 MP: 12/12
  8291 | D:8      | Reached skill level 5 in Invocations
  8414 | D:8      | Noticed Pikel
  8432 | D:8      | Killed Pikel
  8455 | D:9      | Noticed Erica
  8522 | D:9      | Killed Erica
  8522 | D:9      | Reached skill level 10 in Shields
  8603 | D:9      | Reached skill level 10 in Axes
  9087 | D:9      | Found a blossoming altar of Fedhas.
  9335 | D:9      | Noticed Grum
  9353 | D:9      | Killed Grum
  9431 | D:10     | Entered Level 10 of the Dungeon
  9461 | D:10     | Reached ****** piety under Makhleb
  9462 | D:10     | Found a flagged portal.
  9468 | D:10     | Reached XP level 11. HP: 70/99 MP: 15/15
  9483 | Bailey   | Entered a bailey
  9588 | Bailey   | Noticed an orc knight
  9602 | Bailey   | Killed an orc knight
  9602 | Bailey   | Reached skill level 11 in Axes
  9764 | D:10     | Noticed a two-headed ogre
  9787 | D:10     | Killed a two-headed ogre
  9873 | D:10     | Noticed Fannar
  9966 | D:10     | Killed Fannar
 10284 | D:10     | Found a staircase to the Lair.
 10372 | D:10     | Noticed Maurice
 10387 | D:10     | Killed Maurice
 10759 | D:11     | Found a staircase to the Orcish Mines.
 10922 | D:11     | Noticed a red ugly thing
 10932 | D:11     | Killed a red ugly thing
 10949 | D:11     | Reached skill level 12 in Axes
 10996 | D:11     | Noticed an unseen horror
 11014 | D:11     | Killed an unseen horror
 11026 | D:11     | Noticed a two-headed ogre
 11040 | D:11     | Killed a two-headed ogre
 11094 | D:11     | Reached XP level 12. HP: 110/110 MP: 14/14
 11181 | D:11     | Noticed a centaur warrior
 11207 | D:11     | Killed a centaur warrior
 11252 | D:11     | Found a portal to a secret trove of treasure.
 11389 | D:11     | Noticed Harold
 11401 | D:11     | Killed Harold
 11551 | D:11     | Found Ahoenay's Weapon Emporium.
 11740 | Lair:1   | Entered Level 1 of the Lair of Beasts
 11960 | Lair:1   | Reached skill level 13 in Axes
 11975 | Lair:1   | Noticed Sonja
 12033 | Lair:1   | Killed Sonja
 12940 | Lair:2   | Reached skill level 1 in Slings
 13199 | Lair:2   | Found a staircase to the Shoals.
 13223 | Lair:2   | Reached skill level 10 in Invocations
 13589 | Lair:3   | Found a hole to the Spider Nest.
 13948 | Lair:3   | Noticed a catoblepas
 13974 | Lair:3   | Killed a catoblepas
 14064 | Lair:3   | Reached XP level 13. HP: 117/117 MP: 15/15
 14171 | Lair:3   | Noticed Urug
 14195 | Lair:3   | Killed Urug
 14405 | Lair:3   | Reached skill level 14 in Axes
 14710 | Lair:4   | Noticed Snorg
 14730 | Lair:4   | Killed Snorg
 14759 | Lair:4   | Identified a scroll of acquirement
 15345 | Lair:5   | You fall into a shaft and drop 1 floor!
 15345 | Lair:6   | Entered Level 6 of the Lair of Beasts
 15986 | Lair:5   | Found a staircase to the Slime Pits.
 16382 | Lair:6   | Noticed firegrace's ghost (journeyman MiBe)
 16540 | Lair:6   | Reached skill level 5 in Slings
 16568 | Lair:6   | Reached skill level 15 in Shields
 16682 | Lair:6   | Found a runed translucent door.
 16877 | Lair:6   | Gained mutation: You resist negative energy. (rN+) [Deep
                  | Dwarf growth]
 16877 | Lair:6   | Reached XP level 14. HP: 82/127 MP: 16/16
 16881 | Lair:6   | Reached skill level 15 in Axes
 16982 | Lair:6   | Found a transporter.
 16992 | Lair:6   | Found a transporter.
 17715 | D:12     | Noticed Rupert
 17763 | D:12     | Killed Rupert
 17763 | D:12     | Reached skill level 1 in Evocations
 17942 | D:12     | Found Hemuj's Jewellery Emporium.
 17950 | D:12     | Bought an uncursed ring of protection from magic for 350
                  | gold pieces
 17950 | D:12     | Bought an uncursed ring of poison resistance for 280 gold
                  | pieces
 18979 | D:13     | Got a jewelled scale mail
 18980 | D:13     | Identified the +2 scale mail of the Imp {*Corrode rC+
                  | Dex+3} (You found it on level 13 of the Dungeon)
 19178 | D:14     | Found a gate to the Vaults.
 19178 | D:14     | Noticed Nessos
 19571 | D:14     | Killed Nessos
 19855 | D:14     | Noticed a frost giant
 19876 | D:14     | Killed a frost giant
 19899 | D:14     | Noticed a fire giant
 19920 | D:14     | Killed a fire giant
 19920 | D:14     | Reached skill level 16 in Axes
 20217 | D:14     | Noticed Louise
 20235 | D:14     | Killed Louise
 20235 | D:14     | Reached skill level 5 in Evocations
 20482 | D:15     | Entered Level 15 of the Dungeon
 20507 | D:15     | Found a gate leading to a gauntlet.
 20511 | D:15     | Reached XP level 15. HP: 136/136 MP: 16/16
 20529 | Gauntlet | Entered a Gauntlet
 20529 | Gauntlet | Found a transporter.
 20529 | Gauntlet | Found a transporter.
 20533 | Gauntlet | Found a transporter.
 20533 | Gauntlet | Found a transporter.
 20535 | Gauntlet | Found a large runed translucent door.
 20536 | Gauntlet | Found a large runed translucent door.
 20537 | Gauntlet | Found a large runed translucent door.
 20537 | Gauntlet | Found a large runed translucent door.
 20537 | Gauntlet | Found a runed translucent door.
 20537 | Gauntlet | Found a runed translucent door.
 20538 | Gauntlet | Found a large runed translucent door.
 20538 | Gauntlet | Found a large runed translucent door.
 20538 | Gauntlet | Found a large runed translucent door.
 20538 | Gauntlet | Found a large runed translucent door.
 20539 | Gauntlet | Found a large runed translucent door.
 20540 | Gauntlet | Found a large runed translucent door.
 20542 | Gauntlet | Found a transporter.
 20543 | Gauntlet | Found a large runed translucent door.
 20543 | Gauntlet | Found a large runed translucent door.
 20544 | Gauntlet | Found a large runed translucent door.
 20544 | Gauntlet | Found a large runed translucent door.
 20544 | Gauntlet | Found a large runed translucent door.
 20544 | Gauntlet | Found a large runed translucent door.
 20547 | Gauntlet | Found a runed translucent gate.
 20547 | Gauntlet | Found a runed translucent gate.
 20547 | Gauntlet | Found a runed translucent gate.
 20549 | Gauntlet | Found a transporter.
 20556 | Gauntlet | Found a transporter.
 20557 | Gauntlet | Found a transporter.
 20559 | Gauntlet | Found a transporter.
 20563 | Gauntlet | Found a transporter.
 20597 | Gauntlet | Found a transporter.
 20617 | Gauntlet | Found a transporter.
 20651 | Gauntlet | Found a transporter.
 20669 | Gauntlet | Found a transporter.
 20769 | Gauntlet | Found a transporter.
 20783 | Gauntlet | Found a transporter.
 21541 | Gauntlet | Got a flickering bronze ring
 21543 | Gauntlet | Identified the ring of Aveloowuth {+Fly rElec rPois rF+
                  | MP-9} (You found it in a Gauntlet)
 21822 | Gauntlet | Got spiked pearl dragon scales
 21823 | Gauntlet | Identified the +8 pearl dragon scales of the Pit {rF+ rN+}
                  | (You found it in a Gauntlet)
 22033 | D:15     | Found a sacrificial altar of Ru.
 22565 | D:15     | Found a staircase to the Depths.
 22798 | Orc:1    | Entered Level 1 of the Orcish Mines
 22892 | Orc:2    | Entered Level 2 of the Orcish Mines
 23157 | Orc:2    | Found a staircase to the Elven Halls.
 23303 | Orc:2    | Noticed an orc warlord
 23332 | Orc:2    | Killed an orc warlord
 24308 | Orc:2    | Found Tuskiptu's Antique Armour Shop.
 24309 | Orc:2    | Found Posk's Antique Weapon Boutique.
 24310 | Orc:2    | Found Tiri's General Store.
 24310 | Orc:2    | Found Yllei's Book Shop.
 24324 | Orc:2    | Bought a pair of gloves for 148 gold pieces
 24324 | Orc:2    | Bought a shiny helmet for 247 gold pieces
 24662 | Spider:1 | Entered Level 1 of the Spider Nest
 24930 | Spider:1 | Reached skill level 10 in Fighting
 25996 | Spider:2 | Found a runed translucent door.
 25996 | Spider:2 | Noticed Sinomafy's ghost (journeyman GnWn)
 26367 | Spider:3 | Reached skill level 17 in Axes
 26621 | Spider:3 | Reached XP level 16. HP: 146/146 MP: 7/16
 26956 | Spider:3 | Reached skill level 10 in Armour
 27049 | Spider:3 | Found a roughly hewn altar of Beogh.
 27229 | Spider:3 | Found the +3 pair of gauntlets of War {Slay+5}
 27258 | Spider:4 | Entered Level 4 of the Spider Nest
 27638 | Spider:4 | Noticed Arachne
 27679 | Spider:4 | Killed Arachne
 28216 | Spider:4 | Got a gossamer rune of Zot
 28512 | Shoals:1 | Entered Level 1 of the Shoals
 28811 | Shoals:1 | Reached skill level 18 in Axes
 29151 | Shoals:1 | Reached XP level 17. HP: 157/157 MP: 7/16
 29404 | Shoals:2 | Reached skill level 10 in Slings
 29944 | Shoals:2 | Noticed Donald
 29953 | Shoals:2 | Killed Donald
 30263 | Shoals:3 | Reached skill level 15 in Invocations
 30541 | Shoals:3 | Found a runed translucent gate.
 30541 | Shoals:3 | Found a runed translucent gate.
 30541 | Shoals:3 | Found a runed translucent gate.
 30541 | Shoals:3 | Noticed Jaor's ghost (adept OpEE)
 30559 | Shoals:3 | Noticed Kirke
 30573 | Shoals:3 | Killed Kirke
 30845 | Shoals:4 | Entered Level 4 of the Shoals
 31455 | Shoals:4 | Got a barnacled rune of Zot
 31746 | Shoals:4 | Got a clouded bone amulet
 31747 | Shoals:4 | Identified the amulet "Bojoas" {MR+ Regen+ Str+4} (You
                  | found it on level 4 of the Shoals)
 32175 | Depths:1 | Entered Level 1 of the Depths
 32181 | Depths:1 | Gained mutation: You passively map a large area around you.
                  | [Deep Dwarf growth]
 32181 | Depths:1 | Reached XP level 18. HP: 168/168 MP: 8/17
 32426 | Elf:1    | Entered Level 1 of the Elven Halls
 32869 | Elf:1    | Found Roptufy's Jewellery Emporium.
 32869 | Elf:1    | Found Xavuk Cya's Jewellery Shoppe.
 32884 | Elf:1    | Found Vyhok's Food Emporium.
 32891 | Elf:1    | Found Lysh's Weapon Shoppe.
 33158 | Elf:1    | Noticed an Ice Fiend
 33159 | Elf:1    | Killed from afar by a deep elf high priest

Levels and vault maps discovered:
D:1:      mushboom_english_gardens, layout_loops_ring, minmay_misc_feat_five,
          minmay_pentomino_s2
D:2:      minmay_kobold_bridge, layout_loops_ring, lemuel_doored_altar,
          kennysheep_vampire_church
D:3:      layout_loops_cross, biasface_ghost_orc_armoury
D:4:      minmay_opposing_rooms, layout_basic, minmay_temple_entry_mist,
          portal_sewer_entry_f, first_ration
D:5:      layout_cave_pods, doesnt_xom_only_xom
D:6:      lemuel_castle_with_subvaults [lemuel_castle_interior_carwin_2],
          layout_basic, nicolae_overflow_hidden_temple, kennysheep_mini_moat,
          chequers_serial_rivers_micro_c
D:7:      layout_rooms, serial_bayou, serial_bayou_ford_a, serial_bayou_pond_a,
          serial_bayou_pond_a, serial_bayou_pond_e
D:8:      layout_loops_corners, uniq_pikel
D:9:      layout_gridville, fedhas_altar_1, nrook_campfire, uniq_grum,
          uniq_erica
D:10:     layout_roguey, erik_lair_orcish_takeover, enter_bailey_2, uniq_fannar,
          uniq_maurice
D:11:     layout_cave_pods, orc_0_dummy, nicolae_trove_entry_crossroad,
          serial_shops, kennysheep_mini, uniq_harold
D:12:     minmay_blocky_corners, layout_basic, serial_shops, shop_statue,
          uniq_rupert
D:13:     layout_grid_maze
D:14:     cross_vault, layout_loops_ring, david_vaults_3, corexii_corridor_pit,
          hangedman_little_slice_of_home, uniq_louise
D:15:     grunt_enter_depths_snipers, layout_basic, basic_altar,
          hangedman_decor_peaks_small, gauntlet_entry_generic
Temple:   kb_temple_of_zot
Lair:1:   layout_gridlike, cheibrodos_lair_reptile_den, uniq_sonja
Lair:2:   layout_roguey, elwin_shoals_entry_rooms, minivault_26,
          serial_bayou_shore_a
Lair:3:   layout_misc_corridors, spider_nest_entry_rubble, serial_bayou_shore_b,
          uniq_urug
Lair:4:   layout_misc_corridors, grunt_megastairs_1, uniq_snorg
Lair:5:   layout_small_grid, minmay_slime_entry_jelly_boxes, lemuel_fruit_tree
Lair:6:   wormcave, layout_small_grid, gammafunk_ghost_hive,
          serial_bayou_shore_b
Shoals:1: layout_shoals
Shoals:2: argonaut_golden_fleece, layout_shoals,
          nicolae_shoals_siren_and_animal_friends, uniq_donald
Shoals:3: layout_shoals, ebering_ghost_rock_garden, uniq_kirke
Shoals:4: shoals_end_simple, layout_shoals
Spider:1: layout_spider_delve
Spider:2: layout_spider_delve, gammafunk_ghost_grave
Spider:3: nicolae_spider_mines_2
Spider:4: grunt_spider_rune_parallel, uniq_arachne
Orc:1:    layout_caves
Orc:2:    st_orc_congregation, layout_caves
Elf:1:    layout_geoelf_grid, serial_shops, shop, orc_legates, minmay_shoptagon,
          grunt_megastairs_2
Depths:1: layout_big_octagon, enter_ziggurat_c, serial_shops, shop,
          grunt_hell_entry_demonic_statue, minmay_misc_feat_rugged,
          kennysheep_underground_church

Skill      XL: |  1  2  3  4  5  6  7  8  9 10 11 12 13 14 15 16 17 18 |
---------------+-------------------------------------------------------+-----
Axes           | 3 4 5 6 7 9 10 12 13 14 16 17 18 | 18.0
Fighting       | 3 4 5 6 7 8 9 10 11 12 | 12.1
Shields        | 4 5 6 8 9 11 12 14 15 16 17 | 17.6
Armour         | 4 5 6 7 8 9 10 12 | 12.5
Invocations    | 2 3 4 6 8 10 11 12 13 14 15 | 15.0
Slings         | 2 5 7 8 9 11 | 11.6
Evocations     | 5 7 8 |  8.0

Action                   |  1- 3 |  4- 6 |  7- 9 | 10-12 | 13-15 | 16-18 || total
-------------------------+-------+-------+-------+-------+-------+-------++-------
Melee: War axe           |   138 |   305 |   604 |   824 |   144 |       ||  2015
       Broad axe         |       |       |       |       |  1267 |  1067 ||  2334
       Scimitar          |       |       |       |       |    24 |       ||    24
 Fire: Hunting sling     |       |    30 |    87 |    84 |       |       ||   201
       Fustibalus        |       |       |       |    10 |   337 |   226 ||   573
Throw: Stone             |    31 |    13 |       |       |       |       ||    44
       Dart              |       |       |       |    52 |     3 |       ||    55
       Boomerang         |       |       |       |       |     8 |       ||     8
Invok: Lesser Servant of |       |       |     1 |     6 |       |       ||     7
       Minor Destruction |       |       |       |     5 |       |       ||     5
       Major Destruction |       |       |       |     6 |       |       ||     6
       Greater Servant o |       |       |       |       |       |     2 ||     2
 Abil: Heal Wounds       |     1 |       |    11 |    22 |    25 |    10 ||    69
Evoke: Wand              |       |       |       |     5 |     6 |     2 ||    13
  Use: Scroll            |       |    12 |     5 |    11 |    20 |    13 ||    61
       Potion            |       |     1 |     3 |     1 |     5 |     2 ||    12
 Stab: Distracted        |       |       |       |     2 |       |       ||     2
  Eat: Chunk             |     1 |    10 |    15 |    21 |    31 |    20 ||    98
       Ration            |       |       |       |       |     3 |     1 ||     4
Armor: Scale mail        |    13 |       |   276 |    72 |       |       ||   361
       Chain mail        |    74 |   189 |    13 |       |       |       ||   276
       Plate armour      |       |       |       |   235 |   327 |       ||   562
       Pearl dragon scal |       |       |       |       |   326 |   645 ||   971
Dodge: Dodged            |    35 |    77 |   166 |   196 |   318 |   225 ||  1017
Block: Shield            |    76 |   228 |   424 |   607 |   557 |       ||  1892
       Large shield      |       |       |       |       |   667 |  1179 ||  1846
       Rpst.: Scimitar   |       |       |       |       |     2 |       ||     2

Table legend:
 A = Non-vault XP
 B = Vault XP
 C = Vault XP percentage of total XP
 D = Non-vault monster count
 E = Vault monster count
 F = Vault count percentage of total count
                 A         B        C        D         E       F
            +---------+---------+-------+---------+---------+-------
      Total |  182154 |  123870 |  40.5 |     818 |     468 |  36.4
            +---------+---------+-------+---------+---------+-------
        D:1 |      50 |       3 |   5.7 |      24 |       1 |   4.0
        D:2 |      76 |      76 |  50.0 |      30 |      11 |  26.8
        D:3 |      37 |     307 |  89.2 |      13 |       9 |  40.9
        D:4 |     183 |      52 |  22.1 |      15 |       9 |  37.5
        D:5 |     485 |       0 |   0.0 |      24 |       0 |   0.0
        D:6 |    1300 |     633 |  32.7 |      31 |      51 |  62.2
        D:7 |    1187 |       0 |   0.0 |      22 |       0 |   0.0
        D:8 |    1271 |     651 |  33.9 |      26 |       1 |   3.7
        D:9 |    2742 |    1574 |  36.5 |      38 |       6 |  13.6
       D:10 |    3197 |    1779 |  35.8 |      25 |      12 |  32.4
       D:11 |    7284 |    1028 |  12.4 |      46 |       1 |   2.1
       D:12 |    5717 |    4753 |  45.4 |      38 |       6 |  13.6
       D:13 |    3656 |       0 |   0.0 |      21 |       0 |   0.0
       D:14 |    4931 |   13770 |  73.6 |      26 |      36 |  58.1
       D:15 |    8683 |    2575 |  22.9 |      29 |       3 |   9.4
     Lair:1 |    2616 |    1425 |  35.3 |      14 |       8 |  36.4
     Lair:2 |    2411 |     481 |  16.6 |      12 |       1 |   7.7
     Lair:3 |    7604 |    1060 |  12.2 |      28 |       2 |   6.7
     Lair:4 |    3441 |    1490 |  30.2 |      15 |       3 |  16.7
     Lair:5 |    5739 |     512 |   8.2 |      17 |      12 |  41.4
     Lair:6 |    8928 |    7353 |  45.2 |      31 |      19 |  38.0
   Shoals:1 |   18899 |       0 |   0.0 |      41 |       0 |   0.0
   Shoals:2 |   13531 |    4351 |  24.3 |      37 |       8 |  17.8
   Shoals:3 |   12043 |    2681 |  18.2 |      27 |       4 |  12.9
   Shoals:4 |   14389 |   25771 |  64.2 |      29 |      42 |  59.2
   Spider:1 |    6148 |       0 |   0.0 |      18 |       0 |   0.0
   Spider:2 |    9910 |       0 |   0.0 |      24 |       0 |   0.0
   Spider:3 |   14470 |    2470 |  14.6 |      49 |       8 |  14.0
   Spider:4 |    6814 |   27949 |  80.4 |      15 |      49 |  76.6
      Orc:1 |     419 |     133 |  24.1 |       6 |       1 |  14.3
      Orc:2 |    2457 |   11519 |  82.4 |      21 |      77 |  78.6
      Elf:1 |   11187 |    3543 |  24.1 |      25 |      14 |  35.9
   Depths:1 |     349 |       0 |   0.0 |       1 |       0 |   0.0
      Sewer |       0 |     106 | 100.0 |       0 |      48 | 100.0
     Bailey |       0 |    1776 | 100.0 |       0 |      18 | 100.0
   Gauntlet |       0 |    4049 | 100.0 |       0 |       8 | 100.0
            +---------+---------+-------+---------+---------+-------
